 Dungeon Crawl Stone Soup version 0.29-a0-872-g797fff5ad1 (webtiles) character file.

Game seed: 8694298743054991833

2 PentaManta the Slasher (level 1, 0/18 HPs)
             Began as a Merfolk Berserker on July 18, 2022.
             Was a Follower of Trog.
             Constricted to death by a ball python (1 damage)
             ... on level 1 of the Dungeon.
             The game lasted 00:00:21 (49 turns).

PentaManta the Slasher (Merfolk Berserker)            Turns: 49, Time: 00:00:22

Health: 0/18       AC:  2    Str: 17    XL:     1   Next: 40%
Magic:  1/1        EV:  9    Int:  6    God:    Trog [*.....]
Gold:   0          SH:  0    Dex: 13    Spells: 0/0 levels left

rFire   . . .      SeeInvis .   a - +0 falchion
rCold   . . .      Faith    .   (no shield)
rNeg    . . .      Spirit   .   b - +0 animal skin
rPois   .          Reflect  .   (no helmet)
rElec   .          Harm     .   (no cloak)
rCorr   .          Rampage  .   (no gloves)
Will    .....                   (no boots)
Stlth   +.........              (no amulet)
HPRegen 0.06/turn               (no ring)
MPRegen 0.07/turn               (no ring)

@: constricted
A: (nimble swimmer 2), mertail
a: Renounce Religion, Berserk


You were on level 1 of the Dungeon.
You worshipped Trog.
Trog was aware of your devotion.
You visited 1 branch of the dungeon, and saw 1 of its levels.

Inventory:

Hand Weapons
 a - a +0 falchion (weapon)
Armour
 b - a +0 animal skin (worn)
Potions
 c - a potion of invisibility {unknown}


   Skills:
 - Level 3.2 Fighting
 + Level 3.9 Long Blades
 - Level 1.3 Armour
 - Level 2.6 Dodging


You couldn't memorise any spells.
You didn't know any spells.
Your spell library was empty.

Dungeon Overview and Level Annotations

Branches:
Dungeon (1/15)

Altars:


Innate Abilities, Weirdness & Mutations

((You are very nimble when in or above water. (Stealth+, EV+, Speed+++)))
Your lower body shifts to a powerful aquatic tail in water.


Message History

You kill the goblin!
Trog accepts your kill. The ball python barely misses you.
The ball python grabs you. The ball python constricts you.
A goblin comes into view. It is wielding a +0 club.
The frilled lizard bites you. The ball python barely misses you.
The ball python constricts you.
You closely miss the frilled lizard.
The goblin shouts!
The frilled lizard barely misses you. The ball python completely misses you.
The ball python constricts you.
You closely miss the frilled lizard.
The ball python bites you but does no damage.
The ball python constricts you.
The frilled lizard bites you but does no damage.
You hit the frilled lizard.
The frilled lizard is heavily wounded.
The ball python bites you but does no damage.
The ball python constricts you. The frilled lizard closely misses you.
The ball python barely misses you. The ball python constricts you.
The frilled lizard bites you but does no damage.
You barely miss the frilled lizard.
The frilled lizard is heavily wounded.
The ball python closely misses you. The ball python constricts you.
The frilled lizard bites you.
* * * LOW HITPOINT WARNING * * *
You barely miss the frilled lizard.
The frilled lizard is heavily wounded.
The ball python bites you.
* * * LOW HITPOINT WARNING * * *
The ball python constricts you.
The frilled lizard bites you but does no damage.
You escape the ball python's grasp.
The ball python attacks as you move away!
The ball python completely misses you. x2; The frilled lizard misses you.
The goblin hits you with a +0 club.
* * * LOW HITPOINT WARNING * * *
The ball python barely misses you. The ball python grabs you.
The ball python constricts you.
You die...

.......
.....>.
.......
.....
##..#.. ...
.......
##.#
.......
##).#
.......
####l..#
.....
#.@Sg..#
...
#.###.##
#.##.# .=#
#....# .##
#..####.# .
#..# #.#
#.# ##..#
##.
#...#...#
#..
#.....###.#


You could see a goblin, a ball python and a frilled lizard.

Vanquished Creatures
  A ball python (D:1)
  A goblin (D:1)
2 creatures vanquished.

Notes
Turn   | Place    | Note
-------+----------+-------------------------------------------
     0 | D:1      | PentaManta the Merfolk Berserker began the quest for the
                  | Orb.
     0 | D:1      | Reached XP level 1. HP: 18/18 MP: 1/1
    49 | D:1      | Constricted to death by a ball python

Illustrated notes

Levels and vault maps discovered:
D:1:      doesnt_arrival_eight_statues, layout_rooms

Action                   || total
-------------------------++-------
Melee: Falchion          ||    12
Armor: Animal skin       ||     7
Dodge: Dodged            ||    14

Table legend: (Time is in decaauts)
 A = Elapsed time spent in this place.
 B = Non-inter-level travel time spent in this place.
 C = Inter-level travel time spent in this place.
 D = Time resting spent in this place.
 E = Time spent auto-exploring this place.
 F = Levels seen in this place.
 G = Mean time per level.
                   A        B        C        D        E       F      G
               +--------+--------+--------+--------+--------+-----+--------+
         Total |     50 |     50 |      0 |      0 |     26 |   1 |   50.0 |
       Dungeon |     50 |     50 |      0 |      0 |     26 |   1 |   50.0 |
               +--------+--------+--------+--------+--------+-----+--------+

Top non-repeatable levels by time:
     D:1: 50 daAuts
